 Dungeon Crawl Stone Soup version 0.20.0-7-g3b7b877 (webtiles) character file.

88 w00t the Chiller (level 4, -1/24 HPs)
             Began as a Tengu Ice Elementalist on May 30, 2017.
             Shot with an arrow by a centaur (6 damage)
             ... on level 7 of the Dungeon.
             The game lasted 00:05:23 (3709 turns).

w00t the Chiller (Tengu Ice Elementalist)           Turns: 3709, Time: 00:05:23

Health: -1/24      AC:  6    Str:  7 (8)  XL:     4   Next: 53%
Magic:  8/8        EV: 14    Int: 14 (16) God:
Gold:   149        SH:  0    Dex: 13 (15) Spells: 6/7 levels left

rFire    + . .     SeeInvis .   a - +0 dagger
rCold    . . .     Gourm    .   (no shield)
rNeg     . . .     Faith    .   q - +1 ring mail {MR+}
rPois    .         Spirit   .   (helmet restricted)
rElec    .         Reflect  .   (no cloak)
rCorr    .         Harm     .   (no gloves)
MR       +....                  (boots unavailable)
Stlth    +.........             (no amulet)
Regen    0.1/turn               h - +4 ring of evasion
MPRegen  0.2/turn               d - ring of protection from fire {rF+, !d}

@: lethally poisoned (-1 -> -3), very slightly contaminated
A: beak, talons 3
a: no special abilities


You were on level 7 of the Dungeon.
You were not hungry.

You visited 1 branch of the dungeon, and saw 7 of its levels.

You collected 149 gold pieces.

Inventory:

Hand Weapons
 a - a +0 dagger (weapon)
Missiles
 e - 142 stones (quivered)
 g - 4 tomahawks of returning
Armour
 q - a +1 ring mail of magic resistance (worn)
 u - a +0 cloak
Jewellery
 d - a ring of protection from fire (right hand) {rF+, !d}
 h - a +4 ring of evasion (left hand)
Wands
 o - a wand of enslavement (3/24)
Scrolls
 i - a scroll of remove curse {unknown}
 k - 3 scrolls of teleportation {unknown}
 l - a scroll of enchant armour {unknown}
 m - 2 scrolls of identify {unknown}
 n - a scroll of fog {unknown}
 p - 2 scrolls of random uselessness {unknown}
 r - a scroll of amnesia {unknown}
 t - a scroll of magic mapping {unknown}
Potions
 s - a potion of degeneration {!q}
Books
 b - a book of Frost

   Spells                             Type                      Level
   a - Freeze                         Ice                          1
   b - Throw Frost                    Conjuration/Ice              2
   c - Ozocubu's Armour               Charms/Ice                   3
   d - Throw Icicle                   Conjuration/Ice              4
   e - Summon Ice Beast               Ice/Summoning                4
Comestibles
 c - a bread ration
 j - 2 royal jellies


   Skills:
 + Level 0.0 Fighting
 * Level 0.0 Short Blades
 - Level 2.1 Dodging
 - Level 2.0 Stealth
 - Level 2.0 Spellcasting
   Level 1.3 Conjurations
 - Level 4.6 Ice Magic


You had 6 spell levels left.
You knew the following spells:

 Your Spells              Type           Power        Failure   Level  Hunger
a - Freeze                Ice            ##..         12%         1    ##.....


Dungeon Overview and Level Annotations

Branches:
Dungeon (7/15)
 Temple: D:4-7

Altars:
Fedhas
Okawaru
Ru
Trog
Vehumet
The Shining One

Annotations:
D:2 exclusion: upstairs


Innate Abilities, Weirdness & Mutations

You have a beak for a mouth.
You have claws for feet.


Message History

You climb downwards.
An adder and a crimson imp come into view.
Found a scroll labeled QOYRURGH JELUN.
Found a stone staircase leading down.
There is a stone staircase leading up here.
Really read
f - a scroll of blinking {!r}? [Y]es or [N]o only, please.
Really read
f - a scroll of blinking {!r}?
Blink to where?
Press: ? - help, Dir - move target cursor
As you read the scroll of blinking {!r}, it crumbles to dust.
You feel sick.
The crimson imp shouts!
The crimson imp blinks!
Found a scale mail.
You climb downwards.
A centaur comes into view.
The centaur shouts!
There is a stone staircase leading up here.
The centaur wields a shortbow.
The centaur shoots an arrow.
The arrow hits you.
You die...

### #.#
#######.#
........#
#######@#
.......<#
........#
........#
........#
........#
........#
....c...#
.....#..#


You could see a centaur.

Vanquished Creatures
  An adder (D:2)
  An ooze (D:1)
  A worm (D:3)
  2 dart slugs (D:3)
  4 leopard geckos
  5 orcs (D:3)
  4 bats
  2 giant cockroaches
  8 goblins
  4 hobgoblins
  2 jackals (D:1)
  A quokka (D:2)
  6 frilled lizards
  6 kobolds
  10 rats
57 creatures vanquished.

Notes
Turn   | Place    | Note
-------+----------+-------------------------------------------
     0 | D:1      | w00t the Tengu Ice Elementalist began the quest for the Orb.
     0 | D:1      | Reached XP level 1. HP: 10/10 MP: 4/4
   179 | D:1      | Reached skill level 3 in Ice Magic
   309 | D:1      | Reached XP level 2. HP: 15/15 MP: 4/6
   535 | D:1      | Reached XP level 3. HP: 18/19 MP: 2/7
  1134 | D:2      | Found a glowing golden altar of the Shining One.
  1617 | D:2      | Reached skill level 4 in Ice Magic
  1799 | D:2      | Found a blossoming altar of Fedhas.
  2059 | D:3      | Reached XP level 4. HP: 20/24 MP: 1/8
  2266 | D:3      | Found a radiant altar of Vehumet.
  2668 | D:3      | Found an iron altar of Okawaru.
  2950 | D:3      | Found a bloodstained altar of Trog.
  2963 | D:3      | Found a sacrificial altar of Ru.
  3351 | D:5      | Entered Level 5 of the Dungeon
  3591 | D:5      | Noticed an orc warrior
  3672 | D:5      | Noticed a sky beast
  3708 | D:6      | Noticed a sky beast
  3708 | D:7      | Noticed a centaur
  3709 | D:7      | Shot with an arrow by a centaur

Skill      XL: |  1  2  3 |
---------------+----------+-----
Ice Magic      | 3 4 |  4.6
Dodging        | |  2.1
Stealth        | |  2.0
Spellcasting   | |  2.0
Conjurations   | |  1.3

Action                   |  1- 3 |  4- 6 || total
-------------------------+-------+-------++-------
Melee: Unarmed           |     5 |       ||     5
       Peck              |     1 |     4 ||     5
       Dagger            |     3 |    14 ||    17
       Kick              |     3 |     4 ||     7
Throw: Stone             |     1 |       ||     1
 Cast: Freeze            |    73 |    27 ||   100
  Use: Potion            |       |     3 ||     3
       Scroll            |       |     2 ||     2
  Eat: Chunk             |     5 |     3 ||     8
       Bread ration      |       |     1 ||     1
Armor: Robe              |     2 |       ||     2
       Ring mail         |     8 |    13 ||    21
Dodge: Dodged            |    64 |    49 ||   113
